 Dungeon Crawl Stone Soup version 0.23-a0-350-g6fd5563 (webtiles) character file.

63 JeffiDaFish the Vexing (level 3, -1/24 HPs)
             Began as a Vampire Enchanter on Oct 20, 2018.
             Slain by an adder (2 damage)
             ... on level 3 of the Dungeon.
             The game lasted 00:06:53 (2235 turns).

JeffiDaFish the Vexing (Vampire Enchanter)          Turns: 2235, Time: 00:06:54

Health: -1/24      AC:  5    Str:  7    XL:     3   Next: 89%
Magic:  1/6        EV: 13    Int: 18    God:
Gold:   103        SH:  0    Dex: 14    Spells: 1/7 levels left

rFire    . . .     SeeInvis +   a - +2 dagger
rCold    + . .     Gourm    .   (no shield)
rNeg     + + +     Faith    .   b - +1 robe
rPois    +         Spirit   .   (no helmet)
rElec    .         Reflect  .   (no cloak)
rCorr    .         Harm     .   (no gloves)
MR       .....                  f - +1 pair of boots
Stlth    ++++......             (no amulet)
HPRegen  0.04/turn              g - ring of poison resistance
MPRegen  0.10/turn              h - ring of positive energy

@: very slightly contaminated, regenerating slowly
A: fangs 3, see invisible, unbreathing
a: Bat Form


You were on level 3 of the Dungeon.
You were thirsty.

You visited 1 branch of the dungeon, and saw 3 of its levels.

You collected 103 gold pieces.

Inventory:

Hand Weapons
 a - a +2 dagger (weapon)
Armour
 b - a +1 robe (worn)
 f - a +1 pair of boots (worn)
Jewellery
 g - a ring of poison resistance (left hand)
 h - a ring of positive energy (right hand)
 j - an uncursed ring of magical power {unknown}
Wands
 i - a wand of enslavement (11)
Scrolls
 e - 2 scrolls of remove curse
 k - a scroll of identify
Potions
 c - a potion of flight
 d - 14 potions of blood


   Skills:
 - Level 1.5 Short Blades
 - Level 2.5 Dodging
 + Level 4.9 Stealth
 * Level 2.6 Spellcasting
 * Level 5.4 Hexes
 + Level 0.5 Ice Magic


You had one spell level left.
You knew the following spells:

 Your Spells              Type           Power        Failure   Level  Hunger
a - Corona                Hex            ###....      1%          1    #......
b - Ensorcelled Hibernat  Hex/Ice        ##....       8%          2    ##.....
c - Confuse               Hex            ###.....     5%          3    ###....

Your spell library contained the following spells:

 Spells                   Type           Power        Failure   Level  Hunger
 Tukima's Dance           Hex            ###.....     5%          3    ###....
 Dazzling Spray           Conj/Hex       ##....       17%         3    ###....


Dungeon Overview and Level Annotations

Branches:
Dungeon (3/15)

Altars:
Ru


Innate Abilities, Weirdness & Mutations

You heal slowly.
You have razor-sharp teeth.
You have supernaturally acute eyesight. (SInv)
You can survive without breathing.


Message History

Aiming: Ensorcelled Hibernation (safe; 8% risk of failure)
Press: ? - help, Shift-Dir - straight line, f - adder, p - orc
Aim: an adder (chance to defeat MR: 52%)
You miscast Ensorcelled Hibernation.
You are very lightly contaminated with residual magic.
You feel a strange surge of energy!
Okay, then.
Okay, then.
The orc throws a stone.
The stone hits you.
* * * LOW HITPOINT WARNING * * *
The adder bites you but does no damage.
You see here a stone.
The orc throws a stone.
The stone closely misses you.
You see here a stone.
The adder misses you.
The orc throws a stone.
The stone hits you.
* * * LOW HITPOINT WARNING * * *
You see here a stone.
The adder bites you.
You die...

.........#######
.##.............
#.....######## # ###.#.#
.##.##### #.#.########
........#####...........
#.............######.#
#####.######### #.. #@#
#.. #######S# #..
.....#(### #..
......o...# #..
#####.###.# #.. #.o((..#
#.. . #####..###.# #..
...######.()..>.(..# #..
......)...###.###.## #..


You could see an adder and an orc.

Vanquished Creatures
  2 adders
  3 worms (D:2)
  2 dart slugs
  A leopard gecko (D:2)
  An orc (D:3)
  A giant cockroach (D:2)
  3 goblins
  5 hobgoblins
  2 kobolds
  A quokka (D:2)
  5 bats
  3 frilled lizards
  2 rats
31 creatures vanquished.

Notes
Turn   | Place    | Note
-------+----------+-------------------------------------------
     0 | D:1      | JeffiDaFish the Vampire Enchanter began the quest for the
                  | Orb.
     0 | D:1      | Reached XP level 1. HP: 13/13 MP: 3/3
   290 | D:1      | Reached XP level 2. HP: 14/19 MP: 0/5
   649 | D:1      | Learned a level 2 spell: Ensorcelled Hibernation
  1369 | D:2      | Reached skill level 5 in Hexes
  1391 | D:2      | Reached XP level 3. HP: 21/24 MP: 6/6
  1492 | D:2      | Learned a level 3 spell: Confuse
  1802 | D:2      | Found a sacrificial altar of Ru.
  2233 | D:3      | HP: 1/24 [orc/stone (3)]
  2235 | D:3      | Slain by an adder

Vault maps used:
D:1:      minmay_arrival_four_circles, minmay_misc_feat_four_crosses
D:2:      hangedman_ru_absence
D:3:      gammafunk_temple_overflow_elements, first_ration, fedhas_altar_4,
          uniq_natasha, uniq_grinder

Skill      XL: |  1  2 |
---------------+-------+-----
Hexes          | 5 |  5.4
Short Blades   | |  1.5
Dodging        | |  2.5
Stealth        | |  4.9
Spellcasting   | |  2.6
Ice Magic      | |  0.5

Action                   || total
-------------------------++-------
Melee: Dagger            ||    78
       Bite              ||     6
 Cast: Corona            ||    15
       Ensorcelled Hiber ||    12
       Confuse           ||     2
  Use: Scroll            ||     7
       Potion            ||     7
 Stab: Sleeping          ||    14
Armor: Robe              ||    24
Dodge: Dodged            ||    55

Table legend:
 A = Non-vault XP
 B = Vault XP
 C = Vault XP percentage of total XP
 D = Non-vault monster count
 E = Vault monster count
 F = Vault count percentage of total count
                 A         B        C        D         E       F
            +---------+---------+-------+---------+---------+-------
      Total |      91 |       0 |   0.0 |      31 |       0 |   0.0
            +---------+---------+-------+---------+---------+-------
        D:1 |      14 |       0 |   0.0 |       8 |       0 |   0.0
        D:2 |      56 |       0 |   0.0 |      18 |       0 |   0.0
        D:3 |      21 |       0 |   0.0 |       5 |       0 |   0.0
            +---------+---------+-------+---------+---------+-------
